 Dungeon Crawl Stone Soup version 0.19-a0-1731-g1e0734d (console) character file.

857 Gottschkopf the Thaumaturge (level 7, -17/36 HPs)
             Began as a Deep Elf Air Elementalist on Sept 30, 2016.
             Was a Follower of Vehumet.
             Demolished by an orc warrior
             ... wielding a +0 halberd
              (22 damage)
             ... on level 6 of the Dungeon.
             The game lasted 00:17:05 (6724 turns).

Gottschkopf the Thaumaturge (DEAE)                  Turns: 6724, Time: 00:17:05

Health: -17/36     AC:  2    Str:  5      XL:     7   Next: 70%
Magic:  12/20      EV: 13    Int: 20 (22) God:    Vehumet [*.....]
Gold:   273        SH:  0    Dex: 15      Spells: 6 memorised, 8 levels left

rFire  . . .     SeeInvis .     n - +7 club
rCold  . . .     Gourm    .     a - +0 robe
rNeg   . . .     Faith    .     (no shield)
rPois  .         Spirit   .     (no helmet)
rElec  .         Dismiss  .     (no cloak)
rCorr  .         Reflect  .     (no gloves)
MR     +....     Harm     .     (no boots)
Stlth  ++........               (no amulet)
                                w - ring of protection from magic
                                s - ring of wizardry

@: very slightly contaminated, repel missiles
A: no striking features
a: Renounce Religion


You were on level 6 of the Dungeon.
You worshipped Vehumet.
Vehumet was aware of your devotion.
You were not hungry.

You visited 2 branches of the dungeon, and saw 7 of its levels.

You collected 273 gold pieces.

Inventory:

Hand Weapons
 n - a +7 club (weapon)
Armour
 a - a +0 robe (worn)
Jewellery
 s - a ring of wizardry (left hand)
 w - a ring of protection from magic (right hand)
Wands
 i - a wand of lightning (3/15)
 m - a wand of flame (44/48)
 x - a wand of polymorph (9/24)
Scrolls
 d - 3 scrolls of teleportation
 e - a scroll of amnesia {unknown}
 g - a scroll of recharging {unknown}
 h - 4 scrolls of remove curse
 j - a scroll of enchant weapon {unknown}
 k - 3 scrolls of identify {unknown}
 l - 2 scrolls of random uselessness {unknown}
 p - a scroll of blinking {unknown}
 v - a scroll of enchant armour {unknown}
 y - 2 scrolls of immolation {unknown}
 B - a scroll of fog {unknown}
Potions
 o - 2 potions of brilliance {unknown}
 r - a potion of agility {unknown}
 u - a potion of mutation {unknown}
 z - a potion of degeneration {unknown}
 A - a potion of curing
Books
 b - a book of Air

   Spells                             Type                      Level
   a - Shock                          Conjuration/Air              1
   b - Swiftness                      Charms/Air                   2
   c - Repel Missiles                 Charms/Air                   2
   d - Static Discharge               Conjuration/Air              3
   e - Lightning Bolt                 Conjuration/Air              5
Comestibles
 c - 4 bread rations
 f - a royal jelly
 q - 2 meat rations
 t - 6 fruits


   Skills:
 - Level 2.4 Dodging
 - Level 2.4 Stealth
 - Level 8.0 Spellcasting
 + Level 2.6 Conjurations
 + Level 6.9 Air Magic


You had 8 spell levels left.
You knew the following spells:

 Your Spells              Type           Power        Failure   Level  Hunger
a - Shock                 Conj/Air       ####         1%          1    None
b - Repel Missiles        Chrm/Air       ###...       1%          2    None
c - Swiftness             Chrm/Air       ###.....     1%          2    None
d - Static Discharge      Conj/Air       ####....     1%          3    None
e - Lightning Bolt        Conj/Air       ####......   16%         5    #####..
f - Sting                 Conj/Pois      ##..         2%          1    None


Dungeon Overview and Level Annotations

Branches:
Dungeon (6/15)             Temple (1/1) D:4

Altars:
Ashenzari
Cheibriados
Dithmenos
Elyvilon
Fedhas
Gozag
Hepliaklqana
Kikubaaqudgha
Nemelex Xobeh
Okawaru
Qazlal
Ru
Sif Muna
Trog
Vehumet
Zin
The Shining One


Message History

You kill the orc priest!
Vehumet accepts your kill. The orc warrior misses you.
Casting: Shock
Confirm with . or Enter, or press ? or * to list all spells.
Aiming: Shock
Press: ? - help, Shift-Dir - straight line, f/p - orc warrior
Aim: an orc warrior, wielding a halberd and wearing a plate armour (moderately wounded)
You miscast Shock.
You are very lightly contaminated with residual magic.
Your hair stands on end.
Casting: Shock
Confirm with . or Enter, or press ? or * to list all spells.
Aiming: Shock
Press: ? - help, Shift-Dir - straight line, f/p - orc warrior
Aim: an orc warrior, wielding a halberd and wearing a plate armour (moderately wounded)
The zap misses the orc warrior.
The orc warrior hits you from afar with a halberd!!
Ouch! That really hurt!
You die...

......# #.# ..... #.# ### ...
######.# #.###########'#
#....... #...........#.#
#....... #.#########.#)#
#....... #.# #......#o#
#....... #.# #.#....#.#
#....... #.# #.#.##"#@#
#....... #.#
#.#.##.#'#########....... #.#
#.......(.......##.......
#.######.##(.........##.......
#....................##.......
###.........#)....##########'#
#.........#.....# #.#
#.........#.....# #.#
#.....[...#.....# #.#


You could see an orc warrior.

Vanquished Creatures
  2 ogres
  A phantom (D:6)
  A bullfrog (D:6)
  A jelly (D:6)
  An orc wizard (D:5)
  3 orc priests
  2 hounds (D:4)
  Jessica (D:2)
  2 bullfrog skeletons
  A centaur skeleton (D:4)
  An iguana (D:4)
  A worker ant (D:5)
  5 adders
  An adder skeleton (D:4)
  2 worms
  5 dart slugs
  2 leopard geckos
  13 orcs
  4 giant cockroaches
  6 goblins
  12 hobgoblins
  26 jackals
  A quokka (D:3)
  5 bats
  6 frilled lizards
  5 kobolds
  A quokka skeleton (D:4)
  4 rats
115 creatures vanquished.

Notes
Turn   | Place    | Note
-------+----------+-------------------------------------------
     0 | D:1      | Gottschkopf the Deep Elf Air Elementalist began the quest for the Orb.
     0 | D:1      | Reached XP level 1. HP: 10/10 MP: 6/6
   316 | D:1      | Reached XP level 2. HP: 15/15 MP: 1/8
   320 | D:1      | Learned a level 2 spell: Repel Missiles
   323 | D:1      | Learned a level 2 spell: Swiftness
   403 | D:1      | Reached skill level 4 in Spellcasting
   821 | D:1      | Reached XP level 3. HP: 19/19 MP: 2/11
   917 | D:1      | Reached skill level 5 in Spellcasting
  1211 | D:2      | Found a deep blue altar of Sif Muna.
  1212 | D:2      | Found a stormy altar of Qazlal.
  1220 | D:2      | Became a worshipper of Sif Muna the Loreminder
  1447 | D:2      | Reached XP level 4. HP: 23/24 MP: 5/13
  1455 | D:2      | Reached skill level 6 in Spellcasting
  1592 | D:2      | Noticed Jessica
  1600 | D:2      | Killed Jessica
  2367 | D:3      | Found a radiant altar of Vehumet.
  2372 | D:3      | Fell from the grace of Sif Muna
  2372 | D:3      | Became a worshipper of Vehumet
  2404 | D:3      | Noticed an ogre
  2427 | D:3      | Killed an ogre
  2427 | D:3      | Reached skill level 7 in Spellcasting
  2427 | D:3      | Reached XP level 5. HP: 28/28 MP: 12/17
  3045 | D:4      | Reached skill level 8 in Spellcasting
  3052 | D:4      | Learned a level 3 spell: Static Discharge
  3058 | D:4      | Learned a level 5 spell: Lightning Bolt
  3153 | D:4      | Reached XP level 6. HP: 32/32 MP: 10/19
  3811 | D:4      | Reached skill level 5 in Air Magic
  4028 | D:4      | Found a staircase to the Ecumenical Temple.
  4035 | Temple   | Entered the Ecumenical Temple
  4539 | D:5      | Entered Level 5 of the Dungeon
  4554 | D:5      | Reached XP level 7. HP: 33/36 MP: 16/20
  4608 | D:5      | Reached * piety under Vehumet
  4608 | D:5      | Offered knowledge of Sting by Vehumet.
  4933 | D:5      | Found a hazy altar of Hepliaklqana.
  5391 | D:5      | Found a sparkling altar of Nemelex Xobeh.
  5791 | D:6      | Learned a level 1 spell: Sting
  5989 | D:6      | Found a shattered altar of Ashenzari.
  6724 | D:6      | Demolished by an orc warrior

Vault maps used:
D:1:      minmay_arrival_five_plusses, serial_curves, eino_curves_04,
          eino_curves_03, eino_curves_02, eino_curves_04
D:2:      gammafunk_temple_overflow_pools, uniq_jessica
D:3:      lemuel_doored_altar, first_bread, patterned_corridor
D:4:      minmay_cupped
D:5:      kennysheep_little_box, kennysheep_mini
D:6:      nicolae_ashenzari_panopticon
Temple:   minmay_temple_curvy_loop

Skill      XL: |  1  2  3  4  5  6  7 |
---------------+----------------------+-----
Spellcasting   | 4 5 7 8 |  8.0
Air Magic      | 5 6 |  6.9
Conjurations   | 2 |  2.6
Dodging        | |  2.4
Stealth        | |  2.4

Action                   |  1- 3 |  4- 6 |  7- 9 || total
-------------------------+-------+-------+-------++-------
 Cast: Shock             |   100 |   117 |    80 ||   297
       Repel Missiles    |     1 |     1 |     2 ||     4
       Static Discharge  |       |     3 |       ||     3
  Use: Potion            |     2 |       |       ||     2
       Scroll            |       |       |     2 ||     2
  Eat: Chunk             |     1 |     8 |     6 ||    15
       Meat ration       |       |       |     1 ||     1
Armor: Robe              |     1 |     3 |     1 ||     5
Dodge: Dodged            |    21 |    23 |    19 ||    63
       Deflected         |     4 |     1 |     1 ||     6
